 Dungeon Sprint DCSS version 0.22.1-1-ga44c0e56f4 (webtiles) character file.

76711 MuseOD the Imperceptible (level 14, -4/75 HPs)
             Began as a Spriggan Enchanter on Sept 28, 2018.
             Was the Champion of Dithmenos.
             Slain by the 27-headed Lernaean hydra (14 damage)
             ... in the Dungeon (Sprint III: "The Ten Rune Challenge").
             The game lasted 00:27:01 (7446 turns).

MuseOD the Imperceptible (Spriggan Enchanter)       Turns: 7446, Time: 00:27:01

Health: -4/75      AC:  5    Str:  4    XL:     14   Next: 13%
Magic:  34/37      EV: 35    Int: 22    God:    Dithmenos [******]
Gold:   2572       SH:  0    Dex: 16    Spells: 26/50 levels left

rFire    + + .     SeeInvis +   f - +5 quick blade
rCold    . . .     Gourm    .   (shield restricted)
rNeg     . . .     Faith    +   o - +2 robe {MR+}
rPois    +         Spirit   .   n - +1 hat {MR+}
rElec    .         Reflect  .   (no cloak)
rCorr    .         Harm     .   (gloves unavailable)
MR       +++++     NoTele   +   (boots unavailable)
Stlth    +++++++++.             l - amulet "Fopyixt" {Faith *Drain rPois rF++ MR+}
HPRegen  0.22/turn              c - ring of stealth
MPRegen  0.25/turn              j - ring of flight

@: wreathed by umbra, studying Evocations, slow
A: very small, unfitting armour, see invisible, herbivore, speed 3, slow
metabolism 2
}: 2/10 runes: decaying, serpentine
a: Shadow Step, Shadow Form, Renounce Religion, Evoke Flight


You were in the Dungeon.
You worshipped Dithmenos.
Dithmenos was exalted by your worship.
You were hungry.

You visited 1 branch You collected 3642 gold pieces.
You spent 1070 gold pieces at shops.

Inventory:

Hand Weapons
 a - a +1 dagger
 f - a +5 quick blade (weapon)
 s - the +8 dagger "Jejumiul" {pierce, rC+ Str-5 Int+2}
   (You took it off a deep elf death mage in the Dungeon)

   It inflicts extra damage upon your enemies.
   It affects your strength (-5).
   It affects your intelligence (+2).
   It protects you from cold.
 x - a +0 rapier of flaming
Armour
 b - a +0 robe
 n - a +1 hat of magic resistance (worn)
 o - a +2 robe of magic resistance (worn)
 p - a +1 robe of resistance
Jewellery
 c - a ring of stealth (left hand)
 j - a ring of flight (right hand)
 l - the amulet "Fopyixt" (around neck) {Faith *Drain rPois rF++ MR+}
   (You bought it in a shop in the Dungeon)

   [amulet of faith]

   It allows you to gain divine favour quickly.
   It greatly protects you from fire.
   It protects you from poison.
   It affects your resistance to hostile enchantments.
   It causes draining when unequipped.
 m - an uncursed ring of positive energy {unknown}
 q - a +2 ring of evasion {unknown}
 r - an uncursed amulet of the acrobat {unknown}
 v - the ring "Hympek" {Wiz rN++, unknown}
   (You found it in the Dungeon)

   [ring of wizardry]

   It improves your spell success rate.
   It greatly protects you from negative energy.
 w - the amulet "Binlipta" {+Rage MR+, unknown}
   (You found it in the Dungeon)

   [amulet of rage]

   It affects your resistance to hostile enchantments.
   It lets you go berserk.
Wands
 u - a wand of acid (7)
Scrolls
 i - 6 scrolls of amnesia
 y - a scroll of torment
Potions
 e - a potion of curing
 g - a potion of haste
 h - 2 potions of magic
 k - a potion of berserk rage
Books
 t - a manual of Evocations
Comestibles
 d - 8 rations


   Skills:
 - Level 9.4 Fighting
 - Level 16.1 Short Blades
 + Level 21.1 Dodging
 + Level 26.0 Stealth
 - Level 18.8 Spellcasting
 + Level 7.2 Conjurations
 - Level 19.0 Hexes


You had 26 spell levels left.
You knew the following spells:

 Your Spells              Type           Power        Failure   Level  Hunger
a - Corona                Hex            #######      0%          1    None
b - Ensorcelled Hibernat  Hex/Ice        ######       1%          2    None
c - Confuse               Hex            #######.     0%          3    None
d - Dazzling Spray        Conj/Hex       ######       1%          3    None
e - Tukima's Dance        Hex            #######.     0%          3    None
f - Iskenderun's Mystic   Conj           ######..     1%          4    None
g - Lightning Bolt        Conj/Air       #####.....   16%         5    None
h - Ignite Poison         Fire/Tmut/Pois ###.....     8%          3    None

Your spell library contained the following spells:

 Spells                   Type           Power        Failure   Level  Hunger
 Confusing Touch          Hex            ######       0%          1    None
 Cause Fear               Hex            #######...   0%          4    None
 Magic Dart               Conj           ####         1%          1    None
 Shock                    Conj/Air       ####         1%          1    None
 Searing Ray              Conj           ######       1%          2    None
 Static Discharge         Conj/Air       #####...     1%          3    None
 Fulminant Prism          Conj/Hex       ######....   1%          4    None
 Metabolic Englaciation   Hex/Ice        ######....   1%          5    None
 Silence                  Hex/Air        ######....   1%          5    None
 Yara's Violent Unravell  Hex/Tmut       ######....   1%          5    None
 Beastly Appendage        Tmut           ###...       2%          1    None
 Mephitic Cloud           Conj/Pois/Air  ####....     2%          3    None
 Sticks to Snakes         Tmut           ###.....     3%          2    None
 Swiftness                Chrm/Air       ###.....     3%          2    None
 Force Lance              Conj/Tloc      #####...     5%          4    None
 Discord                  Hex            #######...   6%          8    #######
 Gell's Gravitas          Tloc           ###.......   8%          3    None
 Spider Form              Tmut/Pois      ###.......   8%          3    None
 Airstrike                Air            ###.......   24%         4    None
 Ice Form                 Ice/Tmut       ###.....     24%         4    None
 Petrify                  Tmut/Erth      ###.....     24%         4    None
 Blade Hands              Tmut           ###.......   56%         5    None
 Freezing Cloud           Conj/Ice/Air   ####......   80%         6    ####...
 Deflect Missiles         Chrm/Air       ###.......   98%         6    ####...


Dungeon Overview and Level Annotations

Branches:
Dungeon (1/1)

Altars:
Cheibriados
Dithmenos
Elyvilon
Fedhas
Kikubaaqudgha
Makhleb
Okawaru
Qazlal
Ru
Sif Muna
Trog
Uskayaw
Vehumet
Wu Jian
Yredelemnul
Zin
The Shining One
Beogh

Shops:
D =%(=?[[

Annotations:
D Lernaean hydra


Innate Abilities, Weirdness & Mutations

You are very small and have problems with some larger weapons.
You are too small for most types of armour.
You have supernaturally acute eyesight. (SInv)
You are a herbivore.
You cover ground extremely quickly.
You need to consume almost no food.


Message History

Press: ? - help, Shift-Dir - straight line, f/p - swamp dragon
Aim: a swamp dragon (confused, umbra, chance to defeat MR: 69%)
The swamp dragon appears confused.
You enter the shallow water.
Moving in this stuff is going to be slow.
The swamp dragon completely misses you. x2; The swamp dragon misses you.
Your unstable footing causes you to fumble your attack.
The 27-headed Lernaean hydra bites you! The 27-headed Lernaean hydra bites you.
The 27-headed Lernaean hydra bites you!
The 27-headed Lernaean hydra misses you.
The 27-headed Lernaean hydra bites you but does no damage.
The 27-headed Lernaean hydra closely misses you.
The 27-headed Lernaean hydra bites you.
The 27-headed Lernaean hydra completely misses you.
The 27-headed Lernaean hydra bites you! x2
* * * LOW HITPOINT WARNING * * *
The 27-headed Lernaean hydra bites you!
* * * LOW HITPOINT WARNING * * *
You emit a cloud of dark smoke.
The 27-headed Lernaean hydra bites you!
You die...

###########'####
########'####### #.♣♣
#........ #♣≈♣
#........ ♣.♣♣ ######
######### ♣♣.♣ #....#
##....... ♣†♣♣ #..P.#
#...[.... ♣†♣♣ #....#
#..###### ♣.†♣♣#§..##
#........ ♣♣†.D@####
##....... ♣..§DD..≈P.♣
########
♣......♣♣≈..##.[.....
♣..≈≈.D§.§ #∩.[)....
♣....≈.§§.. #∩.######
♣...≈.§≈§....#∩.......
♣♣♣♣....∩∩∩♣.##.......
♣..♣..... ########


You could see the 27-headed Lernaean hydra and 3 swamp dragons.

Vanquished Creatures
  Sigmund (D)
  Rupert (D)
  A deep elf master archer (D)
  Gastronok (D)
  A nagaraja (D)
  Azrael (D)
  2 deep elf annihilators (D)
  2 deep elf demonologists (D)
  2 dire elephants (D)
  2 deep elf death magi (D)
  Josephine (D)
  2 yaktaur captains (D)
  A naga warrior (D)
  3 hydras (D)
  A centaur warrior (D)
  7 anacondas (D)
  4 death yaks (D)
  Urug (D)
  An orc high priest (D)
  2 deep elf knights (D)
  A golden dragon zombie (D)
  A death drake (D)
  An unseen horror (D)
  4 swamp dragons (D)
  A lindwurm (D)
  4 deep elf magi (D)
  8 black mambas (D)
  A guardian serpent (D)
  2 elephants (D)
  Edmund (D)
  2 spiny frogs (D)
  2 yaktaurs (D)
  A rime drake (D)
  A komodo dragon (D)
  3 wandering mushrooms (D)
  2 tyrant leeches (D)
  A queen bee (D)
  8 blink frogs (D)
  3 redbacks (D)
  A shadow (D)
  A spatial vortex (D)
  2 nagas (D)
  5 water moccasins (D)
  2 orc warriors (D)
  3 swamp drakes (D)
  A necrophage (D)
  2 centaurs (D)
  An earth elemental (D)
  A water elemental (D)
  29 killer bees (D)
  An electric eel (D)
  A wizard (D)
  A jelly (D)
  2 orc wizards (D)
  2 orc priests (D)
  Jessica (D)
  A necromancer (D)
  A kobold demonologist (D)
  3 humans (D)
  A wolf (D)
  3 adders (D)
  An ooze (D)
  11 orcs (D)
  2 rats (D)
163 creatures vanquished.

Vanquished Creatures (others)
  2 draconian scorchers (D)
  A mummy priest (D)
  A titan zombie (D)
  A shadow wraith (D)
  An anaconda zombie (D)
  A rust devil (D)
  A molten gargoyle (D)
  6 hellions (D)
  3 yaktaurs (D)
  A spriggan defender (D)
  3 orc high priests (D)
  3 hornets (D)
  2 killer bees (D)
  An orc priest (D)
  4 ball lightnings (D)
  5 ballistomycetes (D)
  4 ballistomycete spores (D)
  47 plants (D)
87 creatures vanquished.

Grand Total: 250 creatures vanquished

Notes
Turn   | Place    | Note
-------+----------+-------------------------------------------
     0 | D        | MuseOD the Spriggan Enchanter began the quest for the Orb.
     0 | D        | Reached XP level 1. HP: 9/9 MP: 5/5
     7 | D        | Reached skill level 1 in Fighting
     7 | D        | Reached skill level 5 in Stealth
    13 | D        | Noticed Jessica
    22 | D        | Killed a yaktaur
    24 | D        | Killed Jessica
    24 | D        | Reached skill level 6 in Stealth
    24 | D        | Reached XP level 2. HP: 9/15 MP: 6/6
    24 | D        | Reached XP level 3. HP: 11/18 MP: 8/8
    58 | D        | Learned a level 2 spell: Ensorcelled Hibernation
    62 | D        | Learned a level 3 spell: Confuse
    99 | D        | Killed a hellion
   100 | D        | Killed a hellion
   113 | D        | Killed a hellion
   137 | D        | Killed a hellion
   153 | D        | Killed a hellion
   196 | D        | Reached skill level 5 in Short Blades
   196 | D        | Reached skill level 7 in Stealth
   207 | D        | Killed a white draconian scorcher
   264 | D        | Killed a hellion
   288 | D        | Killed a white draconian scorcher
   583 | D        | Noticed a water elemental
   585 | D        | Killed a water elemental
   585 | D        | Reached skill level 8 in Stealth
   585 | D        | Reached XP level 4. HP: 24/24 MP: 9/11
   605 | D        | Found a basalt altar of Yredelemnul.
   605 | D        | Found a shadowy altar of Dithmenos.
   605 | D        | Found a sacrificial altar of Ru.
   605 | D        | Noticed a necrophage
   607 | D        | Killed a necrophage
   607 | D        | Reached skill level 9 in Stealth
   607 | D        | Reached skill level 5 in Spellcasting
   607 | D        | Reached skill level 5 in Hexes
   607 | D        | Reached XP level 5. HP: 29/29 MP: 11/13
   614 | D        | Became a worshipper of Dithmenos the Shadowed
   653 | D        | Found a glowing silver altar of Zin.
   653 | D        | Found a glowing golden altar of the Shining One.
   653 | D        | Found a white marble altar of Elyvilon.
   653 | D        | Noticed a deep elf mage
   656 | D        | Killed a deep elf mage
   656 | D        | Reached skill level 5 in Fighting
   656 | D        | Reached skill level 10 in Short Blades
   656 | D        | Reached skill level 11 in Stealth
   656 | D        | Reached XP level 6. HP: 35/35 MP: 14/17
   656 | D        | Reached XP level 7. HP: 39/39 MP: 14/18
   663 | D        | Learned a level 3 spell: Dazzling Spray
   684 | D        | Found a hide-covered altar of Uskayaw.
   684 | D        | Found a roughly hewn altar of Beogh.
   684 | D        | Found an iron altar of Okawaru.
   684 | D        | Found a bloodstained altar of Trog.
   684 | D        | Found an ornate altar of the Wu Jian Council.
   684 | D        | Noticed a human
   684 | D        | Noticed a human
   687 | D        | Killed a human
   693 | D        | Killed a human
   693 | D        | Reached * piety under Dithmenos
   859 | D        | Found a radiant altar of Vehumet.
   860 | D        | Found a deep blue altar of Sif Muna.
   860 | D        | Found an ancient bone altar of Kikubaaqudgha.
   881 | D        | Noticed a shadow
   885 | D        | Killed a shadow
   885 | D        | Reached ** piety under Dithmenos
   885 | D        | Reached skill level 12 in Stealth
   885 | D        | Reached XP level 8. HP: 44/44 MP: 17/21
   897 | D        | Noticed Josephine
   899 | D        | Killed Josephine
   899 | D        | Reached skill level 13 in Stealth
   899 | D        | Reached skill level 10 in Hexes
   928 | D        | Noticed a centaur warrior
   930 | D        | Reached *** piety under Dithmenos
   930 | D        | Reached XP level 9. HP: 50/50 MP: 23/23
   932 | D        | Killed a centaur warrior
   932 | D        | Reached skill level 14 in Stealth
   932 | D        | Reached skill level 10 in Spellcasting
   942 | D        | Noticed an unseen horror
   944 | D        | Killed an unseen horror
   947 | D        | Noticed Sigmund
   947 | D        | Noticed Edmund
   952 | D        | Killed Sigmund
   952 | D        | Reached **** piety under Dithmenos
   952 | D        | Reached skill level 16 in Stealth
   952 | D        | Reached XP level 10. HP: 58/58 MP: 24/27
   956 | D        | Killed Edmund
  1020 | D        | Noticed a yaktaur captain
  1020 | D        | Noticed a yaktaur captain
  1405 | D        | Killed a yaktaur captain
  1406 | D        | Reached skill level 5 in Dodging
  1406 | D        | Reached XP level 11. HP: 62/62 MP: 21/28
  1412 | D        | Killed a yaktaur captain
  1412 | D        | Reached skill level 17 in Stealth
  1595 | D        | Learned a level 3 spell: Tukima's Dance
  1646 | D        | Reached ***** piety under Dithmenos
  1812 | D        | Reached skill level 18 in Stealth
  1856 | D        | Reached ****** piety under Dithmenos
  1927 | D        | Noticed a dire elephant
  1927 | D        | Noticed a dire elephant
  1927 | D        | Noticed Gastronok
  1930 | D        | Reached skill level 10 in Dodging
  1933 | D        | Killed a dire elephant
  1935 | D        | Killed a dire elephant
  1935 | D        | Reached skill level 19 in Stealth
  1935 | D        | Reached skill level 15 in Hexes
  1937 | D        | Killed Gastronok
  1937 | D        | Reached skill level 15 in Spellcasting
  1946 | D        | Noticed an azure jelly
  1946 | D        | Noticed an azure jelly
  1946 | D        | Noticed an azure jelly
  1947 | D        | Noticed an azure jelly
  1950 | D        | Noticed Rupert
  1957 | D        | Killed Rupert
  1957 | D        | Reached skill level 20 in Stealth
  1957 | D        | Reached XP level 12. HP: 67/67 MP: 32/32
  1964 | D        | Noticed a death yak
  1965 | D        | Noticed a death yak
  1966 | D        | Noticed a death yak
  1974 | D        | Noticed a death yak
  1983 | D        | Killed a death yak
  1989 | D        | Killed a death yak
  2001 | D        | Killed a death yak
  2442 | D        | Reached skill level 21 in Stealth
  2465 | D        | Noticed Urug
  2467 | D        | Killed Urug
  2471 | D        | Noticed a four-headed hydra
  2471 | D        | Noticed an eight-headed hydra
  2474 | D        | Killed a four-headed hydra
  2475 | D        | Killed an eight-headed hydra
  2475 | D        | Reached skill level 15 in Dodging
  2816 | D        | Noticed an anaconda
  2816 | D        | Noticed an anaconda
  2816 | D        | Noticed an anaconda
  2817 | D        | Noticed an anaconda
  2818 | D        | Noticed an anaconda
  2819 | D        | Killed an anaconda
  2829 | D        | Killed an anaconda
  2831 | D        | Killed an anaconda
  2837 | D        | Killed an anaconda
  2837 | D        | Reached skill level 22 in Stealth
  2844 | D        | Reached XP level 13. HP: 44/70 MP: 7/35
  3346 | D        | Found Oqit's Antique Armour Boutique.
  3377 | D        | Reached skill level 23 in Stealth
  3629 | D        | Found a blossoming altar of Fedhas.
  3630 | D        | Found a stormy altar of Qazlal.
  3666 | D        | Bought an embroidered robe for 103 gold pieces
  3701 | D        | Noticed a deep elf demonologist
  3704 | D        | Noticed a deep elf annihilator
  3754 | D        | Found a snail-covered altar of Cheibriados.
  3754 | D        | Found a burning altar of Makhleb.
  3852 | D        | Noticed a deep elf demonologist
  3855 | D        | Noticed a deep elf death mage
  3863 | D        | Noticed a deep elf master archer
  3869 | D        | Killed a deep elf demonologist
  3870 | D        | Noticed a deep elf death mage
  4021 | D        | Noticed a deep elf annihilator
  4027 | D        | Killed a deep elf annihilator
  4189 | D        | Killed a deep elf master archer
  4205 | D        | Noticed a cacodemon
  4367 | D        | Killed a deep elf annihilator
  4367 | D        | Reached skill level 24 in Stealth
  4445 | D        | Killed a deep elf death mage
  4591 | D        | Killed a deep elf demonologist
  5085 | D        | Killed a deep elf death mage
  5214 | D        | Killed a mummy priest
  6397 | D        | Noticed a nagaraja
  6398 | D        | Found Riurhes's Jewellery Shop.
  6398 | D        | Found Wawnioty's Magic Scroll Shoppe.
  6398 | D        | Found Xiyph's Antique Armour Boutique.
  6401 | D        | Reached skill level 5 in Conjurations
  6402 | D        | Killed a nagaraja
  6402 | D        | Reached skill level 25 in Stealth
  6406 | D        | Bought an uncursed ring of flight for 192 gold pieces
  6406 | D        | Bought the amulet "Fopyixt" {Faith *Drain rPois rF++ MR+}
                  | for 755 gold pieces
  6407 | D        | Bought a scroll of identify for 20 gold pieces
  6561 | D        | Got a scorched dagger {pierce}
  6568 | D        | Identified the Reference Book on Flight and Venom
  6577 | D        | Got a sparkling lapis lazuli ring
  6577 | D        | Got a twitching emerald amulet
  6586 | D        | Lost strength.
  6586 | D        | Identified the +8 dagger "Jejumiul" {pierce, rC+ Str-5
                  | Int+2} (You took it off a deep elf death mage in the
                  | Dungeon)
  6737 | D        | Noticed Azrael
  6748 | D        | Killed Azrael
  6931 | D        | Learned a level 4 spell: Iskenderun's Mystic Blast
  6937 | D        | Learned a level 5 spell: Lightning Bolt
  6941 | D        | Learned a level 3 spell: Ignite Poison
  6952 | D        | Got a serpentine rune of Zot
  7081 | D        | Reached XP level 14. HP: 75/75 MP: 34/37
  7264 | D        | Noticed the 27-headed Lernaean hydra
  7268 | D        | Found Xemuv's Jewellery Shoppe.
  7274 | D        | Found Kiapp's Food Boutique.
  7278 | D        | Reached skill level 26 in Stealth
  7430 | D        | Found Vappa's Antique Weapon Emporium.
  7438 | D        | Got a decaying rune of Zot
  7446 | D        | Slain by the 27-headed Lernaean hydra

Skill      XL: |  1  2  3  4  5  6  7  8  9 10 11 12 13 14 |
---------------+-------------------------------------------+-----
Fighting       | 2 3 4 5 6 7 9 |  9.4
Short Blades   | 4 6 8 10 11 13 16 | 16.1
Stealth        | 6 8 9 11 12 13 16 20 22 25 26 | 26.0
Spellcasting   | 4 5 7 8 9 12 15 17 18 | 18.8
Hexes          | 4 5 7 9 10 12 13 16 17 19 | 19.0
Dodging        | 5 13 16 20 21 | 21.1
Conjurations   | 6 7 |  7.2

Action                   |  1- 3 |  4- 6 |  7- 9 | 10-12 | 13-15 || total
-------------------------+-------+-------+-------+-------+-------++-------
Melee: Dagger            |    11 |     4 |    18 |   101 |   296 ||   430
       Quick blade       |       |       |       |       |    35 ||    35
       Rapier            |       |       |       |       |     8 ||     8
 Cast: Ensorcelled Hiber |     6 |       |       |    14 |    60 ||    80
       Confuse           |       |     1 |     3 |    55 |    65 ||   124
       Dazzling Spray    |       |       |       |     1 |    69 ||    70
       Tukima's Dance    |       |       |       |       |     1 ||     1
       Iskenderun's Myst |       |       |       |       |     5 ||     5
Invok: Shadow Step       |       |       |       |     1 |     4 ||     5
 Abil: Evoke Flight      |       |       |       |       |     5 ||     5
  Use: Potion            |     1 |       |       |     1 |     4 ||     6
       Scroll            |       |       |       |       |     4 ||     4
 Stab: Sleeping          |     6 |     2 |    12 |    25 |    36 ||    81
       Confused          |       |     1 |     2 |    21 |    35 ||    59
       Invisible         |       |       |       |       |     5 ||     5
       Distracted        |       |       |       |       |     1 ||     1
  Eat: Ration            |       |       |       |       |     3 ||     3
Armor: Robe              |     1 |       |       |       |    11 ||    12
Dodge: Dodged            |     7 |     1 |     1 |    50 |   401 ||   460
